 Dungeon Crawl Stone Soup version 0.28.0-53-g5a82cb258f (webtiles) character file.

Game seed: 17987695838403211707

29 Sin92 the Skirmisher (level 3, -2/29 HPs)
             Began as a Demonspawn Fighter on June 29, 2022.
             Killed by nerve-wracking pain
             ... invoked by Grinder
              (7 damage)
             ... on level 3 of the Dungeon.
             The game lasted 00:01:09 (1203 turns).

Sin92 the Skirmisher (Demonspawn Fighter)           Turns: 1203, Time: 00:01:10

Health: -2/29      AC:  6    Str: 16    XL:     3   Next: 1%
Magic:  3/3        EV:  9    Int:  9    God:
Gold:   47         SH:  5    Dex: 14    Spells: 2/2 levels left

rFire   . . .      SeeInvis .   k - +5 falchion (flame)
rCold   . . .      Faith    .   c - +0 buckler
rNeg    . . .      Spirit   .   b - +0 scale mail
rPois   .          Reflect  .   (no helmet)
rElec   .          Harm     .   (no cloak)
rCorr   .          Rampage  .   (no gloves)
Will    .....                   (no boots)
Stlth   ..........              (no amulet)
HPRegen 0.09/turn               (no ring)
MPRegen 0.08/turn               (no ring)

@: mighty
A: weakness stinger 1
a: no special abilities


You were on level 3 of the Dungeon.
You visited 1 branch of the dungeon, and saw 3 of its levels.

You collected 47 gold pieces.

Inventory:

Hand Weapons
 a - a +0 war axe
 k - a +5 falchion of flaming (weapon)
Armour
 b - a +0 scale mail (worn)
 c - a +0 buckler (worn)
Scrolls
 h - a scroll of identify
 i - a scroll of brand weapon
Potions
 f - a potion of heal wounds
 g - a potion of degeneration {unknown}


   Skills:
 + Level 3.2 Fighting
 * Level 0.4 Long Blades
 - Level 2.2 Axes
 + Level 2.9 Armour
 + Level 0.7 Dodging
 + Level 2.9 Shields


You had 2 spell levels left.
You didn't know any spells.
Your spell library was empty.

Dungeon Overview and Level Annotations

Branches:
Dungeon (3/15)

Altars:

Annotations:
D:3 Grinder


Innate Abilities, Weirdness & Mutations

You have a small tail.


Message History

No target in view!
Done exploring.
No target in view!
There is a stone staircase leading down here.
You climb downwards.
The adder hisses angrily.
Found 13 gold pieces.
There is a stone staircase leading up here.
An adder is nearby!
An adder is nearby!
The adder barely misses you.
An adder is nearby!
You slash the adder! You burn the adder.
The adder is severely wounded.
The adder bites you but does no damage. The adder closely misses you.
You slash the adder! You burn the adder.
You kill the adder!
You have reached level 3!
Your experience leads to an increase in your attributes!
Increase (S)trength, (I)ntelligence, or (D)exterity?
You feel agile. x2
Grinder comes into view.
Grinder gestures at you. Pain shoots through your body!
Grinder is nearby!
You slash Grinder! You burn Grinder.
Your tail-slap misses Grinder.
Grinder is moderately wounded.
Grinder hits you.
You writhe in agony.
* * * LOW HITPOINT WARNING * * *
Grinder is nearby!
You are too injured to fight recklessly!
Grinder is nearby!
You are too injured to fight recklessly!
Grinder is nearby!
You are too injured to fight recklessly!
Unknown command.
You feel very mighty all of a sudden. Grinder gestures at you.
Pain shoots through your body!
You die...

#. .. #.
.# #.##.#
#....#
##<.#
##...# #
#..†##
##.##.#.#
#..5@.#.#
#...###.#
.....#$
#.# .###
.# #.# #.
#.# #. .#
#


You could see Grinder.

Vanquished Creatures
  An adder (D:3)
  A ball python (D:2)
  2 endoplasms (D:1)
  A giant cockroach (D:1)
  A goblin (D:1)
  2 hobgoblins
  2 kobolds
  A quokka (D:1)
  3 bats
  A frilled lizard (D:2)
  3 rats
18 creatures vanquished.

Notes
Turn   | Place    | Note
-------+----------+-------------------------------------------
     0 | D:1      | Sin92 the Demonspawn Fighter began the quest for the Orb.
     0 | D:1      | Reached XP level 1. HP: 18/18 MP: 1/1
    41 | D:1      | You fall into a shaft and drop 1 floor!
   295 | D:1      | Discovered your monstrous ancestry.
   295 | D:1      | Gained mutation: You have a small tail. [demonic ancestry]
   295 | D:1      | Reached XP level 2. HP: 18/24 MP: 2/2
   770 | D:2      | Found a faded altar of an unknown god.
  1198 | D:3      | Reached XP level 3. HP: 29/29 MP: 3/3
  1200 | D:3      | Noticed Grinder
  1203 | D:3      | Killed from afar by Grinder

Illustrated notes

Levels and vault maps discovered:
D:1:      eino_arrival_water_cross, layout_basic, minmay_3d_cube
D:2:      layout_rooms, hellmonk_ecumenical_altar_heavens_door
D:3:      layout_rooms, uniq_grinder

Skill      XL: |  1 |
---------------+----+-----
Axes           | 2 |  2.2
Fighting       | |  3.2
Long Blades    | |  0.4
Armour         | |  2.9
Dodging        | |  0.7
Shields        | |  2.9

Action                   || total
-------------------------++-------
Melee: War axe           ||    32
       Falchion          ||     6
       Tailslap          ||     1
  Use: Scroll            ||     5
       Potion            ||     1
Armor: Scale mail        ||    11
Dodge: Dodged            ||    17
Block: Buckler           ||     7
